 Dungeon Crawl Stone Soup version 0.28-a0-1506-g3893175d92 (webtiles) character file.

Game seed: 2488521602315503750

83 HallandMoats the Skirmisher (level 4, 0/38 HPs)
             Began as a Ghoul Fighter on Jan 14, 2022.
             Was a Follower of Ru.
             Slain by a phantom (7 damage)
             ... on level 3 of the Dungeon.
             The game lasted 00:03:17 (2065 turns).

HallandMoats the Skirmisher (Ghoul Fighter)         Turns: 2065, Time: 00:03:17

Health: 0/38       AC:  6    Str: 19    XL:     4   Next: 44%
Magic:  3/3        EV:  9    Int:  5    God:    Ru [*.....]
Gold:   128        SH:  5    Dex: 14    Spells: 3/3 levels left

rFire   . . .      SeeInvis .   a - +0 long sword
rCold   + . .      Faith    .   c - +0 buckler
rNeg    + + +      Spirit   .   b - +0 scale mail
rPois   ∞          Reflect  .   (no helmet)
rElec   .          Harm     .   (no cloak)
rCorr   .          Rampage  .   (no gloves)
Will    .....                   (no boots)
Stlth   ..........              e - amulet of regeneration
HPRegen 0.00/turn               k - +6 ring of dexterity
MPRegen 0.08/turn               (no ring)

@: inhibited regen
A: claws 1, cold resistance 1, negative energy resistance 3, inhibited
regeneration, torment resistance 2, unskilled 1
a: Renounce Religion


You were on level 3 of the Dungeon.
You worshipped Ru.
Ru was aware of your devotion.
You visited 1 branch of the dungeon, and saw 3 of its levels.

You collected 128 gold pieces.

Inventory:

Hand Weapons
 a - a +0 long sword (weapon)
Armour
 b - a +0 scale mail (worn)
 c - a +0 buckler (worn)
Jewellery
 e - an amulet of regeneration (around neck)
 k - a +6 ring of dexterity (left claw)
Scrolls
 f - 4 scrolls of identify
 g - a scroll of holy word
 i - 3 scrolls of fear {unknown}
 m - a scroll of teleportation
Potions
 d - a potion of might
 h - 2 potions of haste {unknown}
 j - 3 potions of curing {unknown}
 l - a potion of brilliance {unknown}


   Skills:
 * Level 3.5 Fighting
 * Level 2.3 Long Blades
 + Level 2.6 Armour
 + Level 1.0 Dodging
 * Level 2.9 Shields


You had 3 spell levels left.
You didn't know any spells.
Your spell library contained the following spells:

 Spells                   Type           Power      Damage    Failure   Level
 Foxfire                  Conj/Fire      0%         2x1d4     91%         1
 Conjure Flame            Conj/Fire      0%         6-21      99%         3
 Inner Flame              Hex/Fire       0%         N/A       99%         3
 Flame Wave               Conj/Fire      0%         2d4       100%        4


Dungeon Overview and Level Annotations

Branches:
Dungeon (3/15)

Altars:
Makhleb
Ru


Innate Abilities, Weirdness & Mutations

You thrive by killing the living.
You are immune to poison.
You have sharp fingernails.
Your flesh is cold resistant. (rC+)
You are immune to negative energy. (rN+++)
You do not regenerate when monsters are visible.
You are immune to unholy pain and torment.
You are somewhat unskilled. (-1 Apt)


Message History

The phantom is severely damaged.
The phantom closely misses you.
You barely miss the phantom.
The phantom is severely damaged.
The phantom barely misses you.
You closely miss the phantom.
The phantom is severely damaged.
The phantom hits you! You block the phantom's attack.
You barely miss the phantom.
The phantom is severely damaged.
The phantom hits you.
You closely miss the phantom.
The phantom is severely damaged.
The phantom barely misses you.
You hit the phantom but do no damage.
The phantom is severely damaged.
The phantom hits you! The phantom misses you.
You barely miss the phantom.
The phantom is severely damaged.
The phantom hits you.
You are too injured to fight recklessly!
You are too injured to fight recklessly!
You are too injured to fight recklessly!
You are too injured to fight recklessly!
You are too injured to fight recklessly!
You barely miss the phantom.
The phantom is severely damaged.
The phantom hits you.
You closely miss the phantom.
The phantom is severely damaged.
The phantom is stunned by your conviction and fails to attack.
The phantom hits you.
* * * LOW HITPOINT WARNING * * *
You hit the phantom.
The phantom is severely damaged.
The phantom hits you.
* * * LOW HITPOINT WARNING * * *
The phantom blinks!
You blink.
The phantom hits you!
You die...

###....######...#################
...........##............# #
###........##.........##.# #
..#.#........[........##.# #
#.#.#.#####.P._.P.....##.# #
#.#.#.# .............##.# #
#.#.#.# ####.#......§##.# #
..#.#.# #.#......§##.########
###.#.# #.#.@W....##.........
....#.# #.......########### #####
#......... # #.####+### # #. # #.
# #. # #.


You could see a phantom.

Vanquished Creatures
  4 gnolls (D:2)
  An orc (D:3)
  5 bats
  4 endoplasms
  3 goblins
  5 hobgoblins
  2 jackals (D:1)
  3 kobolds
  5 quokkas
  4 ball pythons
  2 frilled lizards
  3 rats
41 creatures vanquished.

Notes
Turn   | Place    | Note
-------+----------+-------------------------------------------
     0 | D:1      | HallandMoats the Ghoul Fighter began the quest for the Orb.
     0 | D:1      | Reached XP level 1. HP: 19/19 MP: 0/0
   221 | D:1      | Reached XP level 2. HP: 26/26 MP: 1/1
   262 | D:1      | Found a faded altar of an unknown god.
   918 | D:2      | Reached XP level 3. HP: 31/31 MP: 2/2
  1169 | D:2      | Reached XP level 4. HP: 30/40 MP: 3/3
  1212 | D:2      | Reached skill level 1 in Dodging
  1577 | D:1      | Prayed at the altar of an unknown god.
  1577 | D:1      | Became a worshipper of Ru the Awakened
  1588 | D:1      | Gained mutation: You are somewhat unskilled. (-1 Apt) [Ru
                  | sacrifice]
  1588 | D:1      | Reached * piety under Ru
  1990 | D:3      | Found a burning altar of Makhleb.
  2000 | D:3      | Reached skill level 1 in Dodging
  2047 | D:3      | Noticed a phantom
  2065 | D:3      | Slain by a phantom

Illustrated notes

Levels and vault maps discovered:
D:1:      evilmike_arrival_crescent, layout_rooms,
          hellmonk_ecumenical_altar_arch_garden
D:2:      layout_loops_ring, kennysheep_potato
D:3:      layout_basic, mainiacjoe_overflow_tiny_flanked, minmay_starry_boxes

Skill      XL: |  1  2  3  4 |
---------------+-------------+-----
Long Blades    | 2 |  2.3
Shields        | 3 2 |  2.9
Dodging        | 1 |  1.0
Fighting       | |  3.5
Armour         | |  2.6

Action                   |  1- 3 |  4- 6 || total
-------------------------+-------+-------++-------
Melee: Long sword        |    85 |    48 ||   133
Invok: Sacrifice Skill   |       |     1 ||     1
  Use: Scroll            |     2 |       ||     2
Armor: Scale mail        |    54 |    15 ||    69
Dodge: Dodged            |    64 |    35 ||    99
Block: Buckler           |    22 |    15 ||    37

Table legend: (Time is in decaauts)
 A = Elapsed time spent in this place.
 B = Non-inter-level travel time spent in this place.
 C = Inter-level travel time spent in this place.
 D = Time resting spent in this place.
 E = Time spent auto-exploring this place.
 F = Levels seen in this place.
 G = Mean time per level.
                   A        B        C        D        E       F      G
               +--------+--------+--------+--------+--------+-----+--------+
         Total |   2111 |   1933 |    178 |    101 |   1381 |   3 |  703.7 |
       Dungeon |   2111 |   1933 |    178 |    101 |   1381 |   3 |  703.7 |
               +--------+--------+--------+--------+--------+-----+--------+

Top non-repeatable levels by time:
     D:2: 1059 daAuts
     D:1: 606 daAuts
     D:3: 445 daAuts
